Map: Prion Terraces

Players

Albion - Winner!

  • Race: Protoss Protoss

manz

  • Race: Terran Terran
  • League: Diamond

VOD

Have the link to the VOD?

Description

Time

  • Played on: Jan. 9, 2016, 6:24 a.m.
  • Length: 8:45
Show
View Real Time Build Order
Export as new Build Order

Albion Protoss - Winner!

Build Orders: 1 Gate Expand 

Get SALT Encoding   

  12  0:00  Probe (Chrono Boost)  
  13  0:11  Probe (Chrono Boost)  
  14  0:19  Pylon  
  14  0:22  Probe (Chrono Boost)  
  15  0:37  Gateway, Probe (Chrono Boost)  
  16  0:47  Probe (Chrono Boost)  
  16  0:49  Assimilator  
  17  0:58  Probe (Chrono Boost)  
  18  1:08  Probe (Chrono Boost)  
  19  1:21  Nexus  
  19  1:29  Cybernetics Core  
  19  1:31  Probe (Chrono Boost)  
  20  1:38  Assimilator  
  20  1:42  Probe (Chrono Boost)  
  21  1:48  Pylon  
  21  1:52  Probe (Chrono Boost)  
  22  2:03  Probe (Chrono Boost)  
  22  2:06  Adept (Chrono Boost)  
  22  2:07  Warp Gate (Chrono Boost)  
  25  2:14  Probe  
  26  2:28  Probe  
  27  2:30  Twilight Council, Adept (Chrono Boost)  
  27  2:31  Probe  
  30  2:40  Probe  
  30  2:42  Probe  
  32  2:50  Robotics Facility  
  32  2:52  Probe (Chrono Boost)  
  32  2:53  Probe (Chrono Boost)  
  32  2:58  Resonating Glaives  
  34  2:59  Adept  
  34  3:03  Probe (Chrono Boost)  
  34  3:04  Probe (Chrono Boost)  
  38  3:14  Probe  
  38  3:15  Probe  
  40  3:26  Probe  
  41  3:36  Probe  
  41  3:38  Probe, Warp Prism (Chrono Boost)  
  45  3:47  Gateway x2  
  45  3:52  Gateway  
  43  3:56  Probe  
  43  3:58  Mothership Core  
  43  4:01  Pylon  
  46  4:19  Probe x2  
  46  4:21  Observer (Chrono Boost)  
  46  4:23  Nexus  
  49  4:26  Pylon  
  49  4:31  Probe x2  
  49  4:33  Pylon  
  49  4:38  Adept  
  53  4:43  Probe  
  53  4:44  Probe  
  55  4:46  Assimilator  
  55  4:48  Assimilator  
  55  4:55  Probe, Pylon  
  55  4:57  Immortal (Chrono Boost)  
  55  4:58  Probe  
  61  5:06  Pylon  
  61  5:08  Probe  
  61  5:11  Probe  
  61  5:16  Pylon x2  
  61  5:19  Adept x4  
  69  5:28  Blink  
  69  5:29  Gateway  
  69  5:31  Gateway  
  69  5:35  Immortal (Chrono Boost)  
  73  5:39  Adept  
  73  5:40  Adept x3  
  81  5:50  Pylon  
  81  5:54  Pylon  
  81  6:07  Nexus  
  81  6:09  Pylon  
  81  6:15  Observer (Chrono Boost)  
  81  6:17  Probe x2, Pylon  
  83  6:24  Forge  
  83  6:27  Pylon  
  83  6:36  Gateway  
  83  6:38  Gateway  
  83  6:39  Probe  
  84  6:40  Probe  
  84  6:41  Pylon  
  84  6:45  Pylon  
  85  6:51  Sentry x3  
  85  6:53  Adept x3  
  97  6:56  Probe  
  97  6:59  Probe, Observer (Chrono Boost)  
  100  7:13  Adept  
  100  7:14  Adept x3  
  108  7:15  Adept  
  108  7:20  Adept  
  112  7:34  Adept x4  
  120  7:37  Adept x2  
  112  7:58  Immortal  
  112  8:01  Stalker x5  
  118  8:34  Stalker x8  
Show
View Real Time Build Order
Export as new Build Order

manz Terran 

Build Orders: Liberator Opening 

Get SALT Encoding   

  12  0:01  SCV  
  13  0:13  SCV  
  14  0:18  Supply Depot  
  14  0:25  SCV  
  15  0:40  SCV  
  15  0:41  Barracks  
  16  0:46  Refinery  
  16  0:52  SCV  
  17  1:04  SCV  
  18  1:16  SCV  
  19  1:30  SCV  
  20  1:39  Marine  
  21  1:42  Orbital Command  
  21  1:51  Command Center  
  21  2:01  Barracks Reactor, Supply Depot  
  22  2:08  SCV  
  22  2:17  Factory  
  22  2:21  SCV  
  23  2:26  Refinery  
  23  2:34  SCV  
  23  2:37  Marine x2  
  26  2:46  SCV  
  27  2:55  Marine  
  27  2:56  Marine  
  29  3:00  SCV  
  29  3:01  Factory Tech Lab  
  29  3:03  Starport  
  29  3:05  Orbital Command  
  30  3:10  Refinery  
  30  3:12  SCV  
  31  3:13  Marine x2  
  33  3:24  SCV  
  32  3:36  Cyclone, Liberator  
  32  3:37  SCV  
  32  3:39  Marine x2  
  32  3:41  SCV  
  42  3:56  Marine  
  42  3:59  SCV x2  
  42  4:01  Supply Depot  
  45  4:11  SCV  
  46  4:21  Supply Depot  
  46  4:23  SCV, Siege Tank, Marine x2  
  46  4:24  SCV  
  53  4:25  Liberator  
  53  4:28  Supply Depot  
  53  4:40  SCV  
  53  4:42  SCV  
  58  4:46  Barracks  
  58  4:53  SCV  
  58  4:55  Siege Tank  
  58  4:57  Supply Depot  
  58  4:58  Marine x2  
  58  5:15  SCV  
  58  5:16  SCV  
  60  5:30  Siege Tank  
  60  5:31  SCV  
  60  5:32  Command Center  
  60  5:33  Marine  
  65  5:39  SCV  
  65  5:40  Barracks Tech Lab, Marine  
  65  5:42  Starport Reactor  
  67  5:55  Barracks  
  67  5:58  SCV  
  67  6:00  Engineering Bay  
  67  6:01  Engineering Bay  
  67  6:02  Stimpack  
  67  6:03  Marine  
  69  6:09  SCV  
  69  6:10  Marine  
  71  6:19  SCV  
  71  6:21  SCV  
  73  6:28  Refinery, Medivac  
  73  6:29  Medivac  
  73  6:31  Marine  
  78  6:36  SCV, Marauder, Marine  
  78  6:37  SCV  
  78  6:38  Barracks  
  83  6:48  SCV  
  83  6:52  Orbital Command  
  83  6:53  SCV  
  82  7:00  Barracks Reactor  
  82  7:01  Liberator, Marine x2  
  84  7:09  Marine  
  84  7:11  SCV x2  
  87  7:19  Barracks  
  87  7:20  SCV  
  91  7:23  Supply Depot  
  91  7:24  SCV x2  
  91  7:29  Barracks Tech Lab  
  93  7:34  SCV  
  94  7:38  Liberator  
  93  7:44  Liberator  
  93  7:51  SCV x2  
  72  8:03  Marauder  
  77  8:06  SCV  
  77  8:07  SCV  
  75  8:17  Orbital Command  
  75  8:18  SCV  
  75  8:19  SCV  
  76  8:26  Marine x2  
  76  8:27  Marine x2  
Tags
 
Add a new tag
Caveats
  • Supply blocks, unpowered buildings, or Contaminate may cause inaccurate times.
  • Supply counts are checked every 10 seconds.